 Seeded DCSS version 0.29-a0-830-gcb1280458a (webtiles) character file.

Game seed: 2856915604255414747 (custom seed)

5492 wilfster70 the Cleaver (level 10, 0/66 HPs)
             Began as a Gargoyle Fighter on July 11, 2022.
             Was a Believer of Ru.
             Slain by a catoblepas (21 damage)
             ... on level 9 of the Dungeon.
             The game lasted 00:19:32 (9459 turns).

wilfster70 the Cleaver (Gargoyle Fighter)           Turns: 9459, Time: 00:19:32

Health: 0/66       AC: 20    Str: 19    XL:     10   Next: 69%
Magic:  10/10      EV:  5    Int: 14    God:    Ru [**....]
Gold:   453        SH:  4    Dex:  9    Spells: 9/9 levels left

rFire   + . .      SeeInvis .   a - +2 war axe (flame)
rCold   . . .      Faith    .   c - +0 buckler
rNeg    + . .      Spirit   .   G - +0 plate armour
rPois   ∞          Reflect  .   (no helmet)
rElec   +          Harm     .   B - +1 cloak
rCorr   .          Rampage  .   (no gloves)
Will    .....                   (no boots)
Stlth   ..........              (no amulet)
HPRegen 0.21/turn               x - ring of protection from fire
MPRegen 0.12/turn               D - ring of flight

@: flying
A: sickness immunity, AC +7, negative energy resistance 1, electricity
resistance, torment resistance 1, petrification resistance, no stealth,
inability to train dodging
a: Renounce Religion


You were on level 9 of the Dungeon.
You worshipped Ru.
Ru was pleased with you.
You visited 1 branch of the dungeon, and saw 9 of its levels.

You collected 453 gold pieces.

Inventory:

Hand Weapons
 a - a +2 war axe of flaming (weapon)
 b - a +0 sling
Missiles
 u - 17 poisoned darts (quivered)
 C - 5 throwing nets
 E - 4 curare-tipped darts
Armour
 c - a +0 buckler (worn)
 B - a +1 cloak (worn)
 G - a +0 plate armour (worn)
Jewellery
 x - a ring of protection from fire (left hand)
 D - a ring of flight (right hand)
Wands
 l - a wand of digging (4)
 m - a wand of flame (27)
 A - a wand of roots (17)
Scrolls
 f - 3 scrolls of fear
 i - a scroll of magic mapping
 j - 2 scrolls of teleportation
 t - a scroll of summoning
 v - a scroll of poison
Potions
 e - 2 potions of cancellation
 g - a potion of magic
 h - a potion of haste
 k - a potion of might
 n - a potion of resistance
 o - a potion of mutation
 p - a potion of flight


   Skills:
 - Level 9.1 Fighting
 * Level 12.5 Axes
 - Level 3.2 Armour
 - Level 3.2 Shields


You had 9 spell levels left.
You didn't know any spells.
Your spell library contained the following spells:

 Spells                   Type           Power      Damage    Failure   Level
 Magic Dart               Conj           0%         1d3       100%        1
 Slow                     Hex            0%         N/A       100%        1
 Call Imp                 Summ           0%         N/A       100%        2
 Ensorcelled Hibernation  Hex/Ice        0%         N/A       100%        2
 Passwall                 Tmut/Erth      0%         N/A       100%        2
 Static Discharge         Conj/Air       0%         3-3/arc   100%        2
 Confusing Touch          Hex            0%         N/A       100%        3
 Inner Flame              Hex/Fire       0%         N/A       100%        3
 Mephitic Cloud           Conj/Pois/Air  0%         N/A       100%        3
 Swiftness                Air            0%         N/A       100%        3
 Vampiric Draining        Necr           0%         2d6       100%        3
 Cause Fear               Hex            0%         N/A       100%        4
 Petrify                  Tmut/Erth      0%         N/A       100%        4
 Irradiate                Conj/Tmut      0%         3d11      100%        5
 Lightning Bolt           Conj/Air       0%         1d11      100%        5
 Borgnjor's Revivificati  Necr           0%         N/A       100%        8
 Discord                  Hex            0%         N/A       100%        8
 Maxwell's Capacitive Co  Air            0%         ∞         100%        8
 Necromutation            Tmut/Necr      0%         N/A       100%        8
 Death's Door             Necr           0%         N/A       100%        9
 Sublimation of Blood     Necr           Unusable   N/A       N/A         2

Dungeon Overview and Level Annotations

Branches:
Dungeon (9/15)             Temple (0/1) D:6
   Lair: D:8-11         Orc: D:9-12

Altars:
Ashenzari
Elyvilon
Gozag
Nemelex Xobeh
Okawaru
Ru
Xom
Yredelemnul
The Shining One

Annotations:
D:5 3 runed translucent doors, ouz's ghost, novice DsGl
D:7 1 runed translucent door, exclusion: oklob plant, Vorhees's ghost, novice GrEE


Innate Abilities, Weirdness & Mutations

You are immune to sickness and miasma.
Your stone body is resilient. (AC +7)
You are immune to poison.
You resist negative energy. (rN+)
You are resistant to electric shocks. (rElec)
You are resistant to unholy torment.
You are immune to petrification.
You cannot be stealthy.
You cannot train Dodging skill.


Message History

The orc wizard is moving more slowly.
The orc wizard gestures at you while chanting.
The puff of flame hits you but does no damage.
As you read the scroll of teleportation, it crumbles to dust.
You feel strangely unstable.
Your surroundings suddenly seem different.
Found 14 gold pieces.
You now have 453 gold pieces (gained 14).
You start resting.
A howler monkey is nearby!
The howler monkey howls!
The howler monkey hoots and howls with incredible vigour!
You redirect the howler monkey's attack!
You slash the howler monkey! You burn the howler monkey.
The howler monkey is almost dead.
The howler monkey hoots and howls with incredible vigour!
You hear a bellow!
You hear a shout! x2
You hit the howler monkey. You burn the howler monkey.
You kill the howler monkey!
You start resting.
A catoblepas is nearby!
Aiming: Corrosive Bolt
Press: ? - help, Shift-Dir - straight line, f - you
Okay, then.
Unknown command.
You see here a howler monkey corpse.
Aiming: Corrosive Bolt
Press: ? - help, Shift-Dir - straight line, f - catoblepas
Aim: a catoblepas (100% to hit)
The bolt of acid hits the catoblepas!
The acid corrodes the catoblepas!
The catoblepas is lightly wounded.
Aiming: Corrosive Bolt
Press: ? - help, Shift-Dir - straight line, f/p - catoblepas
Aim: a catoblepas (lightly wounded, covered in acid, 100% to hit)
The bolt of acid hits the catoblepas!
The catoblepas is moderately wounded.
The now-empty wand crumbles to dust.
The kobold brigand shouts!
The catoblepas gores you!!
You die...

#. #.#### #.#..#
#.#.†# #.#.@# #
#.#.Y#
.#.#.#.#..##
...........#...
####.##.........
#..###.###. #.K#
8.. #..# ...#
#... .8..


You could see a catoblepas (corroded) and a kobold brigand.

Vanquished Creatures
  Erica (D:7)
  Prince Ribbit (D:8)
  Grinder (D:4)
  Sigmund (D:2)
  3 yaks (D:8)
  A wyvern (D:9)
  3 steam dragons
  Edmund (D:4)
  A water moccasin (D:7)
  A black bear (D:4)
  4 ogres
  A sky beast (D:8)
  2 centaurs (D:8)
  A kobold brigand (D:8)
  3 bullfrogs
  4 necrophages
  3 scorpions
  5 wights (D:6)
  12 jellies
  2 howler monkeys (D:9)
  4 hounds
  3 orc priests
  Crazy Yiuf (D:4)
  5 gnoll boudas
  Jessica (D:2)
  5 iguanas (D:5)
  Natasha (thrice) (D:2)
  9 orc wizards
  22 gnolls
  7 adders
  A shadow imp (D:5)
  A white imp (D:7)
  An ufetubus (D:6)
  A worm (D:2)
  6 dart slugs
  32 orcs
  6 bats
  16 endoplasms
  4 giant cockroaches
  4 goblins
  8 hobgoblins
  4 quokkas (D:1)
  3 ball pythons
  3 frilled lizards
  11 kobolds
  2 rats
214 creatures vanquished.

Vanquished Creatures (others)
  7 fungi
7 creatures vanquished.

Grand Total: 221 creatures vanquished

Notes
Turn   | Place    | Note
-------+----------+-------------------------------------------
     0 | D:1      | wilfster70 the Gargoyle Fighter began the quest for the
                  | Orb.
     0 | D:1      | Reached XP level 1. HP: 14/14 MP: 1/1
    34 | D:1      | Reached skill level 2 in Axes
    98 | D:1      | Reached XP level 2. HP: 19/19 MP: 2/2
   430 | D:1      | Found a faded altar of an unknown god.
   671 | D:1      | Reached XP level 3. HP: 24/24 MP: 3/3
  1032 | D:1      | Reached skill level 3 in Axes
  1280 | D:2      | Noticed Jessica
  1281 | D:2      | Noticed Natasha
  1295 | D:2      | Killed Natasha
  1296 | D:2      | Reached XP level 4. HP: 21/29 MP: 4/4
  1298 | D:2      | Killed Jessica
  1427 | D:2      | Noticed Natasha
  1438 | D:2      | Killed Natasha
  1439 | D:2      | Reached XP level 5. HP: 34/34 MP: 5/5
  1448 | D:2      | Noticed Natasha
  1461 | D:2      | Killed Natasha
  1462 | D:2      | Reached skill level 4 in Axes
  1635 | D:2      | Noticed Sigmund
  1657 | D:2      | Killed Sigmund
  1658 | D:2      | Reached skill level 5 in Fighting
  1658 | D:2      | Reached skill level 5 in Axes
  1658 | D:2      | Reached XP level 6. HP: 29/40 MP: 6/6
  2888 | D:4      | Reached XP level 7. HP: 41/44 MP: 7/7
  2999 | D:4      | Found a runed translucent door.
  3000 | D:4      | Noticed Crazy Yiuf
  3009 | D:4      | Killed Crazy Yiuf
  3146 | D:4      | Reached skill level 6 in Axes
  3148 | D:4      | Noticed Edmund
  3160 | D:4      | Killed Edmund
  3301 | D:4      | Noticed Grinder
  3304 | D:4      | Paralysed by Grinder for 5 turns
  3319 | D:4      | Killed Grinder
  3320 | D:4      | Reached XP level 8. HP: 42/52 MP: 8/8
  3407 | D:4      | Reached skill level 7 in Axes
  3757 | D:4      | Found a sacrificial altar of Ru.
  3889 | D:5      | Entered Level 5 of the Dungeon
  3958 | D:4      | Became a worshipper of Ru the Awakened
  4053 | D:5      | Found an iron altar of Okawaru.
  4252 | D:5      | Found a runed translucent gate.
  4252 | D:5      | Found a runed translucent gate.
  4252 | D:5      | Found a runed translucent gate.
  4253 | D:5      | Found an opulent altar of Gozag.
  4255 | D:5      | Noticed ouz's ghost (novice DsGl)
  4835 | D:5      | Reached skill level 8 in Axes
  4858 | D:5      | HP: 1/53 [scorpion (4)]
  5309 | D:6      | Reached XP level 9. HP: 43/58 MP: 9/9
  6167 | D:6      | Reached skill level 9 in Axes
  6176 | D:6      | Gained mutation: You cannot train Dodging skill. [Ru
                  | sacrifice]
  6176 | D:6      | Reached * piety under Ru
  6474 | D:6      | Found a sparkling altar of Nemelex Xobeh.
  6529 | D:6      | Identified the +6 war axe of a bazaar {holy, Contam Str+2
                  | Dex+4}
  6825 | D:6      | Found a staircase to the Ecumenical Temple.
  7198 | D:7      | Found a broken altar of Ashenzari.
  7378 | D:7      | Reached skill level 10 in Axes
  7502 | D:7      | Found a glowing golden altar of the Shining One.
  7680 | D:7      | Found a runed translucent door.
  7684 | D:7      | Found a shimmering altar of Xom.
  7684 | D:7      | Noticed Vorhees's ghost (novice GrEE)
  7684 | D:7      | Noticed a +2 war axe of chaos
  7724 | D:7      | Found a white marble altar of Elyvilon.
  7918 | D:7      | Noticed an oklob plant
  8152 | D:8      | Reached XP level 10. HP: 55/66 MP: 10/10
  8229 | D:8      | Noticed Prince Ribbit
  8234 | D:8      | Killed Prince Ribbit
  8235 | D:8      | Reached skill level 11 in Axes
  8318 | D:8      | Found Wahennat's Book Shop.
  8723 | D:8      | Gained mutation: You cannot be stealthy. [Ru sacrifice]
  8723 | D:8      | Reached ** piety under Ru
  8767 | D:8      | Noticed Erica
  8968 | D:7      | Killed Erica
  8969 | D:7      | Reached skill level 12 in Axes
  9251 | D:9      | Found a basalt altar of Yredelemnul.
  9280 | D:9      | Noticed a catoblepas
  9314 | D:9      | HP: 2/66 [catoblepas (20)]
  9363 | D:9      | HP: 1/66 [orc wizard/+0 dagger (3)]
  9459 | D:9      | Slain by a catoblepas

Illustrated notes

Levels and vault maps discovered:
D:1:      mrwooster_arrival_statue_2, layout_loops_ring,
          hellmonk_ecumenical_altar_leap_of_faith, minivault_4
D:2:      layout_basic, uniq_sigmund, uniq_natasha, uniq_jessica
D:3:      layout_basic
D:4:      layout_loops_cross, nicolae_overflow_hidden_temple, uniq_edmund,
          uniq_grinder, uniq_crazy_yiuf_cottage
D:5:      minmay_chambers_of_threes, layout_basic, okawaru_gym_becter,
          ebering_ghost_gozag, hangedman_abyss_or_decor_slice
D:6:      layout_gridville, mainiacjoe_overflow_chevrons,
          minmay_temple_entry_nine_rooms
D:7:      lemuel_slime, layout_loops_ring, kennysheep_mini_moat,
          mainiacjoe_overflow_catch_the_wave, ebering_ghost_xom
D:8:      layout_basic, serial_shops, nicolae_shop_statue_plus, uniq_erica,
          uniq_prince_ribbit1
D:9:      layout_basic, mainiacjoe_overflow_24_doors, serial_curves,
          eino_curves_04, eino_curves_01, minmay_chambers_of_fives

Skill      XL: |  1  2  3  4  5  6  7  8  9 10 |
---------------+-------------------------------+-----
Axes           | 2 3 5 6 8 10 12 | 12.5
Fighting       | 4 5 6 7 9 |  9.1
Armour         | |  3.2
Shields        | |  3.2

Action                   |  1- 3 |  4- 6 |  7- 9 | 10-12 || total
-------------------------+-------+-------+-------+-------++-------
Melee: War axe           |    86 |    44 |   368 |   138 ||   636
       Short sword       |    16 |    98 |       |       ||   114
Invok: Sacrifice Nimblen |       |       |     1 |       ||     1
       Sacrifice Stealth |       |       |       |     1 ||     1
Evoke: Wand              |       |       |       |     2 ||     2
  Use: Scroll            |       |    10 |    10 |     5 ||    25
       Potion            |       |       |     4 |       ||     4
Armor: Scale mail        |    72 |    74 |    46 |       ||   192
       Chain mail        |       |       |   127 |       ||   127
       Plate armour      |       |       |    46 |    82 ||   128
Dodge: Dodged            |    67 |    69 |   113 |    32 ||   281
Block: Buckler           |    30 |    23 |    55 |    19 ||   127

Table legend: (Time is in decaauts)
 A = Elapsed time spent in this place.
 B = Non-inter-level travel time spent in this place.
 C = Inter-level travel time spent in this place.
 D = Time resting spent in this place.
 E = Time spent auto-exploring this place.
 F = Levels seen in this place.
 G = Mean time per level.
                   A        B        C        D        E       F      G
               +--------+--------+--------+--------+--------+-----+--------+
         Total |   9583 |   9349 |    234 |   2486 |   4076 |   9 | 1064.8 |
       Dungeon |   9583 |   9349 |    234 |   2486 |   4076 |   9 | 1064.8 |
               +--------+--------+--------+--------+--------+-----+--------+

Top non-repeatable levels by time:
     D:5: 2002 daAuts
     D:4: 1367 daAuts
     D:7: 1222 daAuts
     D:6: 1214 daAuts
     D:1: 1173 daAuts
     D:2: 921 daAuts
     D:8: 855 daAuts
     D:3: 533 daAuts
     D:9: 294 daAuts
